 Dungeon Crawl Stone Soup version 0.31.0-11-ge490571c62 (webtiles) character file.

Game seed: 13826030060633942534

852 qw the Skirmisher (level 7, -1/40 HPs)
             Began as a Deep Elf Hunter on Feb 4, 2024.
             Was an Initiate of Okawaru.
             Succumbed to a centaur's curare-tipped dart
             ... on level 6 of the Dungeon.
             The game lasted 00:01:53 (5187 turns).

qw the Skirmisher (Deep Elf Hunter)                 Turns: 5187, Time: 00:01:53

Health: -1/40      AC:  6    Str: 10    XL:     7   Next: 69%
Magic:  9/9        EV: 12    Int: 14    God:    Okawaru [......]
Gold:   284        SH:  0    Dex: 24    Spells: 6/6 levels left

rFire   + . .        a - +1 shortbow
rCold   + . .        (shield currently unavailable)
rNeg    . . .        i - +1 ring mail
rPois   .            (no helmet)
rElec   .            p - scarf {rC+ rF+}
rCorr   .            (no gloves)
SInv    .            (no boots)
Will    .....        (no amulet)
Stlth   ++           f - +6 ring of dexterity
HPRegen 0.26/turn    (no ring)
MPRegen 0.11/turn

%: no passive effects
@: lethally poisoned (-1 -> -16), about to teleport, hasted and slowed
A: no striking features
a: Renounce Religion


You were on level 6 of the Dungeon.
You worshipped Okawaru.
Okawaru was noncommittal.
You visited 2 branches of the dungeon, and saw 7 of its levels.
You also visited: Sewer.

You collected 314 gold pieces.
You spent 30 gold pieces at shops.


   Skills:
 - Level 2.2 Fighting
 + Level 11.7 Ranged Weapons
 - Level 4.1 Dodging
 - Level 1.2 Stealth


You had 6 spell levels left.
You didn't know any spells.
Your spell library was empty.

Inventory:

Hand Weapons
 a - a +1 shortbow (weapon)
Armour
 i - a +1 ring mail (worn)
 j - a +0 leather armour of fire resistance
 p - a scarf of resistance (worn)
Jewellery
 b - a ring of ice
 f - a +6 ring of dexterity (left hand)
Wands
 l - a wand of polymorph (9)
 r - a wand of iceblast (8)
Scrolls
 k - a scroll of teleportation
Potions
 c - a potion of might
 e - 4 potions of curing
 g - 2 potions of mutation
 h - 3 potions of enlightenment
 n - a potion of cancellation
 o - a potion of resistance
 q - a potion of attraction {unknown}

Dungeon Overview and Level Annotations

Branches:
Dungeon (6/15)             Temple (1/1) D:5           Sewer (visited)

Altars:
Ashenzari
Cheibriados
Elyvilon
Fedhas
Gozag
Hepliaklqana
Kikubaaqudgha
Makhleb
Nemelex Xobeh
Okawaru
Sif Muna
Trog
Uskayaw
Wu Jian
Xom
Yredelemnul
Zin
The Shining One

Shops:
D:1 ?![(   D:3 (


Message History

The centaur wields a +0 shortbow.
The centaur shoots an arrow.
The arrow hits you.
You shoot an arrow. The arrow hits the centaur!
The centaur is severely wounded.
The centaur shoots an arrow.
The arrow misses you.
The centaur shoots an arrow.
The arrow hits you.
You shoot an arrow.
The arrow hits the centaur but does no damage.
The centaur is severely wounded.
The centaur throws a curare-tipped dart.
The curare-tipped dart misses you.
You shoot an arrow.
The arrow hits the centaur but does no damage.
The centaur is severely wounded.
The centaur throws a curare-tipped dart.
The curare-tipped dart hits you.
You are poisoned.
You have difficulty breathing.
You feel yourself slow down.
5184 ||| DRINKING potion of haste.
You feel yourself speed up.
You feel very sick.
The centaur throws a curare-tipped dart.
The curare-tipped dart hits you.
You are lethally poisoned!
You have difficulty breathing.
You feel as though you will be slow longer.
The centaur shoots an arrow.
The arrow barely misses you.
You shoot an arrow. The arrow hits the centaur.
The centaur is severely wounded.
You feel extremely sick.
The centaur shoots an arrow.
The arrow hits you.
The centaur shoots an arrow.
The arrow barely misses you.
5186 ||| READING 2 scrolls of teleportation.
As you read the scroll of teleportation, it crumbles to dust.
You feel strangely unstable.
You feel very sick.
The centaur shoots an arrow.
The arrow misses you.
You shoot an arrow.
The arrow hits the centaur but does no damage.
The centaur is severely wounded.
You die...

#..#.#####....
#..#.# ..
...#####..#.#
#........#.#
#.######.#.#
#.#.# #.# #.#
#@# ........#
#####c### ...
... ..... ##..
#..


You could see a centaur.

Vanquished Creatures
  Sigmund (D:6)
  An ogre (D:5)
  A phantom (D:6)
  A brain worm (Sewer)
  A scorpion (D:5)
  2 bombardier beetles
  A hound (D:5)
  2 sleepcaps
  3 gnolls (D:4)
  10 adders
  A river rat (Sewer)
  A white imp (D:6)
  3 dart slugs
  3 ribbon worms
  13 orcs
  7 bats
  7 endoplasms
  4 giant cockroaches
  9 goblins
  7 hobgoblins
  6 jackals
  9 quokkas
  16 ball pythons
  7 frilled lizards
  6 kobolds
  8 rats
  A spectral goblin (D:2)
131 creatures vanquished.

Notes
Turn   | Place    | Note
-------+----------+-------------------------------------------
     0 | D:1      | qw the Deep Elf Hunter began the quest for the Orb.
     0 | D:1      | Reached XP level 1. HP: 12/12 MP: 3/3
     0 | D:1      | 0 ||| qw: Version: 0.3-a-160-g6735b56
     0 | D:1      | 0 ||| qw: Game counter: 5675
     0 | D:1      | 0 ||| qw: Melee chars always use a shield: true
     0 | D:1      | 0 ||| qw: God list: Okawaru
     0 | D:1      | 0 ||| qw: Allow faded altars: false
     0 | D:1      | 0 ||| qw: Do Orc after clearing Dungeon:15 true
     0 | D:1      | 0 ||| qw: Do second Lair branch before Depths: true
     0 | D:1      | 0 ||| qw: Lair rune preference: random
     0 | D:1      | 0 ||| qw: Goals: Normal
     0 | D:1      | 0 ||| PLANNING D:1-11
    73 | D:1      | Reached XP level 2. HP: 16/16 MP: 4/4
    89 | D:1      | Reached skill level 6 in Ranged Weapons
   244 | D:1      | Found Uvaet Koe's Distillery.
   264 | D:1      | 264 ||| BUYING potion of curing (30 gold).
   264 | D:1      | Bought a potion of curing for 30 gold pieces
   264 | D:1      | 264 ||| SHOPLISTING potion of curing (30 gold, have 19).
   264 | D:1      | 264 ||| SHOPLISTING potion of enlightenment (50 gold, have
                  | 19).
   264 | D:1      | 264 ||| SHOPLISTING potion of haste (100 gold, have 19).
   281 | D:1      | Found Vurheit's Weapon Boutique.
   329 | D:1      | Reached XP level 3. HP: 9/20 MP: 5/5
   376 | D:1      | Found Nokaus's Armour Shop.
   381 | D:1      | 381 ||| SHOPLISTING +0 helmet (49 gold, have 25).
   381 | D:1      | 381 ||| SHOPLISTING +0 ring mail (44 gold, have 25).
   381 | D:1      | 381 ||| SHOPLISTING +1 helmet of intelligence (181 gold,
                  | have 25).
   381 | D:1      | 381 ||| SHOPLISTING +1 troll leather armour (242 gold, have
                  | 25).
   582 | D:1      | Found Ludoruo's Magic Scroll Shoppe.
   585 | D:1      | 585 ||| SHOPLISTING scroll of enchant weapon (90 gold, have
                  | 25).
   585 | D:1      | 585 ||| SHOPLISTING scroll of teleportation (36 gold, have
                  | 25).
   585 | D:1      | 585 ||| READING scroll labelled SIPNIAVOGU.
   686 | D:1      | 686 ||| READING scroll labelled GUEMEE VEPNU.
   691 | D:1      | 691 ||| READING scroll labelled NAHUIKL HOALLAN.
   692 | D:1      | 692 ||| READING scroll labelled FONAVU WAAD.
   693 | D:1      | 693 ||| READING scroll labelled KOUNAW CEPAUPY.
   694 | D:1      | 694 ||| DRINKING 2 bubbling grey potions.
   695 | D:1      | 695 ||| DROPPING scroll of butterflies.
   696 | D:1      | 696 ||| DROPPING potion of degeneration.
   698 | D:1      | 698 ||| Stepping ~*~*~tactically~*~*~ (cloud).
   698 | D:1      | HP: 4/20 [poisoned by you (poison gas)]
   699 | D:1      | 699 ||| DRINKING 3 potions of curing.
   699 | D:1      | 699 ||| (to cure poison)
   873 | D:2      | Reached skill level 7 in Ranged Weapons
  1186 | D:2      | Found a faded altar of an unknown god.
  1264 | D:2      | You fall into a shaft and drop 2 floors!
  1279 | D:4      | 1279 ||| UPGRADING to +0 ring mail.
  1289 | D:4      | 1289 ||| DROPPING +0 leather armour.
  1290 | D:4      | 1290 ||| READING scroll labelled QITSIT MAPSEL.
  1290 | D:4      | 1290 ||| ENCHANTING +0 shortbow.
  1291 | D:4      | 1291 ||| READING scroll labelled LUD UFUNIXZIO.
  1292 | D:4      | 1292 ||| READING scroll labelled RABLEQ XAEM.
  1292 | D:4      | 1292 ||| IDENTIFYING green potion
  1293 | D:4      | 1293 ||| READING scroll labelled UVYTRUIPAH.
  1338 | D:4      | Reached XP level 4. HP: 25/25 MP: 6/6
  1433 | D:3      | 1433 ||| FLEEEEING.
  1434 | D:3      | 1434 ||| STAIRDANCE
  1564 | D:3      | Reached skill level 8 in Ranged Weapons
  1803 | D:3      | Found Xiaclij's Weapon Boutique.
  1976 | D:3      | 1976 ||| READING 2 scrolls of identify.
  1976 | D:3      | 1976 ||| IDENTIFYING smoky sapphire potion
  1977 | D:3      | 1977 ||| READING scroll of identify.
  1977 | D:3      | 1977 ||| IDENTIFYING cyan potion
  1978 | D:3      | 1978 ||| DRINKING 2 brown potions.
  2042 | D:4      | Reached XP level 5. HP: 26/29 MP: 7/7
  2569 | D:4      | Reached skill level 9 in Ranged Weapons
  2570 | D:4      | HP: 4/29 [gnoll/+0 halberd (10)]
  2571 | D:4      | 2571 ||| READING scroll of teleportation.
  3245 | D:4      | 3245 ||| UPGRADING to +6 ring of dexterity.
  3246 | D:4      | 3246 ||| READING scroll labelled DEV VORIRU.
  3247 | D:4      | 3247 ||| READING scroll labelled VUUTA KIAGU.
  3348 | D:4      | 3348 ||| READING scroll labelled WUMISM LOATUPT.
  3349 | D:4      | 3349 ||| DRINKING 2 murky red potions.
  3368 | D:5      | Entered Level 5 of the Dungeon
  3369 | D:5      | 3369 ||| PLANNING SEWER
  3393 | D:5      | Found a basalt altar of Yredelemnul.
  3429 | D:5      | Reached skill level 3 in Dodging
  3429 | D:5      | Reached XP level 6. HP: 10/35 MP: 8/8
  3563 | D:5      | Found a white marble altar of Elyvilon.
  3614 | D:5      | Found a glowing drain.
  3630 | Sewer    | Entered a sewer
  4166 | Sewer    | 4166 ||| DROPPING scroll of noise.
  4189 | D:5      | 4189 ||| PLANNING D:1-11
  4211 | D:5      | Reached skill level 10 in Ranged Weapons
  4281 | D:5      | HP: 8/35 [poisoned by an orc (curare-tipped dart)]
  4282 | D:5      | 4282 ||| READING 2 scrolls of teleportation.
  4283 | D:5      | 4283 ||| DRINKING potion of heal wounds.
  4435 | D:5      | Reached XP level 7. HP: 25/40 MP: 9/9
  4867 | D:5      | Found a staircase to the Ecumenical Temple.
  4868 | D:5      | 4868 ||| PLANNING TEMPLE
  4868 | D:5      | 4868 ||| UPGRADING to scarf of resistance.
  4873 | D:5      | 4873 ||| READING scroll of identify.
  4873 | D:5      | 4873 ||| IDENTIFYING purple potion
  4874 | D:5      | 4874 ||| READING scroll labelled RIUBOFUZIKH.
  4874 | D:5      | 4874 ||| ENCHANTING +0 ring mail.
  4884 | Temple   | Entered the Ecumenical Temple
  4885 | Temple   | 4885 ||| PLANNING OKAWARU WORSHIP
  4885 | Temple   | 4885 ||| READING scroll of identify.
  4885 | Temple   | 4885 ||| IDENTIFYING bubbling blue potion
  4907 | Temple   | Became a worshipper of Warmaster Okawaru
  4908 | Temple   | 4908 ||| PLANNING D:1-11
  5031 | D:6      | Reached skill level 11 in Ranged Weapons
  5031 | D:6      | Noticed Sigmund
  5044 | D:6      | HP: 10/40 [something (7)]
  5047 | D:6      | Killed Sigmund
  5184 | D:6      | 5184 ||| DRINKING potion of haste.
  5185 | D:6      | HP: 7/40 [centaur/arrow (5)]
  5186 | D:6      | 5186 ||| READING 2 scrolls of teleportation.
  5186 | D:6      | HP: 2/40 [poisoned by a centaur (curare-tipped dart)]
  5187 | D:6      | Succumbed to a centaur's curare-tipped dart

Levels and vault maps discovered:
D:1:      psy_arrival_spokes, layout_basic, serial_shops,
          nicolae_shop_rolled_up, nicolae_shop_tiny_real_fake_doors, shop,
          nicolae_shop_hallway_plus, minmay_heptomino_w4
D:2:      layout_basic, dreamdust_ecumenical_altar_drowned_temple,
          minmay_unequal
D:3:      layout_rooms, serial_shops, nicolae_shop_trees
D:4:      layout_layer_cave, nicolae_zig_zag_zippers
D:5:      layout_basic, kennysheep_ying_yang, temple_hall,
          cheibrodos_sewer_entry_drain
D:6:      layout_basic, lightli_corner_chamber, uniq_sigmund,
          uniq_blork_the_orc, uniq_eustachio, uniq_edmund
Temple:   kb_temple_of_zot

Skill      XL: |  1  2  3  4  5  6  7 |
---------------+----------------------+-----
Ranged Weapons | 6 7 8 9 10 11 | 11.7
Fighting       | 2 |  2.2
Dodging        | 3 4 |  4.1
Stealth        | |  1.2

Action                     |  1- 3 |  4- 6 |  7- 9 || total
---------------------------+-------+-------+-------++-------
   Fire: Shortbow          |   130 |   238 |    50 ||   418
    Use: Scroll            |     9 |     7 |     4 ||    20
         Potion            |     2 |     3 |     1 ||     6
 Armour: Leather armour    |    17 |       |       ||    17
         Ring mail         |       |    52 |    19 ||    71
  Dodge: Dodged            |    27 |    50 |    10 ||    87

Table legend:
 A = Non-vault XP
 B = Vault XP
 C = Vault XP percentage of total XP
 D = Non-vault monster count
 E = Vault monster count
 F = Vault count percentage of total count
                 A         B        C        D         E       F
            +---------+---------+-------+---------+---------+-------
      Total |     796 |     422 |  34.6 |      91 |      40 |  30.5
            +---------+---------+-------+---------+---------+-------
        D:1 |      34 |      12 |  26.1 |      20 |       5 |  20.0
        D:2 |      33 |      12 |  26.7 |      18 |       6 |  25.0
        D:3 |      90 |       0 |   0.0 |      15 |       0 |   0.0
        D:4 |     158 |       0 |   0.0 |      16 |       0 |   0.0
        D:5 |     349 |       7 |   2.0 |      19 |       3 |  13.6
        D:6 |     132 |     214 |  61.8 |       3 |       1 |  25.0
      Sewer |       0 |     177 | 100.0 |       0 |      25 | 100.0
            +---------+---------+-------+---------+---------+-------
